 Dungeon Crawl Stone Soup version 0.27.0-1-g7a089689b8 (webtiles) character file.

Game seed: 18018840035924915898

32 ZARRMARR the Chopper (level 3, 0/33 HPs)
             Began as a Hill Orc Monk on Aug 8, 2021.
             Succumbed to an adder's poison
             ... on level 1 of the Dungeon.
             The game lasted 00:04:21 (1878 turns).

ZARRMARR the Chopper (Hill Orc Monk)                Turns: 1878, Time: 00:04:22

Health: 0/33       AC:  2    Str: 14    XL:     3   Next: 25%
Magic:  3/3        EV: 12    Int: 10    God:
Gold:   49         SH:  0    Dex: 13    Spells: 2/2 levels left

rFire    . . .     SeeInvis .   a - +0 hand axe
rCold    . . .     Faith    .   (no shield)
rNeg     . . .     Spirit   .   b - +0 robe
rPois    .         Reflect  .   (no helmet)
rElec    .         Harm     .   (no cloak)
rCorr    .         Rampage  .   (no gloves)
Will     .....                  (no boots)
Stlth    ++........             (no amulet)
HPRegen  0.11/turn              (no ring)
MPRegen  0.08/turn              (no ring)

@: lethally poisoned (0 -> -3), weak-willed
A: no striking features
a: no special abilities


You were on level 1 of the Dungeon.
You visited 1 branch of the dungeon, and saw 2 of its levels.

You collected 49 gold pieces.

Inventory:

Hand Weapons
 a - a +0 hand axe (weapon)
 d - a +0 whip
Missiles
 c - 46 stones
 j - 9 poisoned darts (quivered)
Armour
 b - a +0 robe (worn)
Wands
 h - a wand of flame (7)
Scrolls
 f - a scroll of amnesia


   Skills:
 + Level 4.0 Fighting
 + Level 4.6 Axes
 + Level 0.1 Throwing
 + Level 2.8 Dodging
 + Level 1.7 Stealth


You had 2 spell levels left.
You didn't know any spells.
Your spell library was empty.

Dungeon Overview and Level Annotations

Branches:
Dungeon (2/15)

Altars:


Message History

You feel sick.
You feel sick.
You feel sick.
You feel sick.
You feel sick.
You feel sick. The adder bites you.
You feel sick.
You are no longer poisoned.
The adder bites you.
* * * LOW HITPOINT WARNING * * *
It was a potion of curing.
You feel better. The adder bites you.
You are poisoned.
The adder poisons you! The adder barely misses you.
Unknown command.
You feel sick.
You feel sick.
You feel sick. The adder bites you.
* * * LOW HITPOINT WARNING * * *
There is a stone staircase leading up here.
You feel sick. The adder closely misses you.
You climb upwards.
You feel sick.
You are no longer poisoned.
There is a stone staircase leading down here.
As you read the scroll labelled NONORE CISAME, it crumbles to dust.
It is a scroll of identify.
f - a scroll of amnesia The adder barely misses you.
As you read the scroll labelled KUMNAU IFETO, it crumbles to dust.
Magic quickly surges around you.
It was a scroll of vulnerability.
The adder barely misses you. The adder bites you.
* * * LOW HITPOINT WARNING * * *
You are lethally poisoned!
The adder poisons you!
You hit the adder.
The adder is lightly wounded.
* * * LOW HITPOINT WARNING * * *
You feel sick. The adder misses you.
You hit the adder.
The adder is moderately wounded.
You die...

#................................
#.................###............
#######...........###......######
...#....###......................
...#....###......................
...............#........##.......
...............#+###.....#.......
..................##.....#.......
#..............S@..+.....+.......
#..................#.....#.......
#......#...........#........#....
#...........................#....
#................................
#..............##................
#....##........##................
#..............##...#............
#..............######............


You could see an adder (weak-willed).

Vanquished Creatures
  An adder (D:2)
  A worm (D:2)
  2 endoplasms (D:2)
  4 hobgoblins
  3 jackals (D:1)
  4 kobolds
  2 frilled lizards (D:2)
  2 rats (D:2)
19 creatures vanquished.

Notes
Turn   | Place    | Note
-------+----------+-------------------------------------------
     0 | D:1      | ZARRMARR the Hill Orc Monk began the quest for the Orb.
     0 | D:1      | Reached XP level 1. HP: 19/19 MP: 1/1
   301 | D:1      | Reached XP level 2. HP: 15/27 MP: 2/2
  1391 | D:2      | Found a faded altar of an unknown god.
  1431 | D:2      | Reached XP level 3. HP: 27/33 MP: 3/3
  1877 | D:1      | HP: 1/33 [poisoned by an adder]
  1878 | D:1      | Succumbed to an adder's poison

Illustrated notes

Levels and vault maps discovered:
D:1:      dpeg_arrival_arbitrary_b, layout_basic
D:2:      layout_loops_ring, hellmonk_ecumenical_altar_lost_god

Skill      XL: |  1  2 |
---------------+-------+-----
Fighting       | 4 |  4.0
Axes           | |  4.6
Throwing       | |  0.1
Dodging        | |  2.8
Stealth        | |  1.7

Action                   || total
-------------------------++-------
Melee: Hand axe          ||    76
Throw: Stone             ||    25
       Dart              ||     1
  Use: Scroll            ||     2
       Potion            ||     1
 Stab: Sleeping          ||     2
Armor: Robe              ||     9
Dodge: Dodged            ||    46
